 Dungeon Crawl Stone Soup version 0.17-a0-2014-g32cd421 (webtiles) character file.

1694 vatarom the Slicer (level 8, -8/43 HPs)
             Began as a Spriggan Enchanter on Oct 9, 2015.
             Was an Initiate of Ashenzari.
             Shot with a sling bullet by Joseph (12 damage)
             ... on level 7 of the Dungeon.
             The game lasted 00:19:00 (8185 turns).

vatarom the Slicer (Spriggan Enchanter)             Turns: 8185, Time: 00:19:00

Health: -8/43      AC:  3    Str:  5    XL:     8   Next: 72%
Magic:  3/13       EV: 24    Int: 21    God:    Ashenzari [......]
Gold:   275        SH:  0    Dex: 22    Spells: 4 memorised, 3 levels left

rFire  . . .     SeeInvis +     a - +3 dagger
rCold  + . .     Clarity  .     p - +1 robe {rN+}
rNeg   + . .     SustAt   .     (shield restricted)
rPois  .         Gourm    .     (helmet restricted)
rElec  .         Spirit   .     (no cloak)
rCorr  .         Warding  .     (gloves unavailable)
rMut   .         Stasis   .     (boots unavailable)
MR     +....                    (no amulet)
Stlth  +++++.....               w - +4 ring of intelligence
                                g - ring of protection from cold

@: agile, exhausted, slowed, quick, somewhat resistant to hostile enchantments,
quite stealthy
A: unfitting armour, hooves 1, see invisible, herbivore 3, speed 3, slow
metabolism 2
a: Renounce Religion


You were on level 7 of the Dungeon.
You worshipped Ashenzari.
Ashenzari was noncommittal.
You were very hungry.

You visited 1 branch of the dungeon, and saw 7 of its levels.

You collected 323 gold pieces.
You spent 48 gold pieces at shops.

Inventory:

Hand Weapons
 a - a +3 dagger (weapon)
 k - a -3 blowgun
Missiles
 l - 18 poisoned needles
Armour
 p - a +1 robe of positive energy (worn)
Jewellery
 g - a ring of protection from cold (left hand)
 i - an uncursed ring of sustain attributes
 t - a +2 ring of protection
 w - a +4 ring of intelligence (right hand)
Wands
 b - a wand of polymorph (24)
 e - a wand of flame (24)
 s - a wand of polymorph (8)
 u - a wand of frost (35)
Scrolls
 f - 3 scrolls of teleportation
 h - 2 scrolls of enchant armour
 n - a scroll of fog
 q - 3 scrolls of identify
 v - a scroll of recharging
Books
 c - a book of Maledictions

   Spells                             Type                      Level
   a - Corona                         Hexes                        1
   b - Ensorcelled Hibernation        Hexes/Ice                    2
   c - Confuse                        Hexes                        3
   d - Tukima's Dance                 Hexes                        3
   e - Dazzling Spray                 Conjuration/Hexes            3
 r - a book of Power

   Spells                             Type                      Level
   a - Fulminant Prism                Conjuration/Hexes            4
   b - Iskenderun's Mystic Blast      Conjuration                  4
   c - Venom Bolt                     Conjuration/Poison           5
   d - Bolt of Magma                  Conjuration/Fire/Earth       5
   e - Iron Shot                      Conjuration/Earth            6
   f - Orb of Destruction             Conjuration                  7
   g - Spellforged Servitor           Conjuration/Summoning        7
 y - a book of Hinderance

   Spells                             Type                      Level
   a - Confusing Touch                Hexes                        2
   b - Confuse                        Hexes                        3
   c - Gell's Gravitas                Hexes/Translocation          3
   d - Petrify                        Transmutation/Earth          4
   e - Metabolic Englaciation         Hexes/Ice                    5
Comestibles
 j - 3 slices of pizza
 x - a bread ration


   Skills:
 - Level 5.3 Fighting
 + Level 9.0 Short Blades
 - Level 3.0 Dodging
 - Level 7.5 Stealth
 - Level 2.6 Spellcasting
 - Level 3.6 Hexes


You had 3 spell levels left.
You knew the following spells:

 Your Spells              Type           Power        Failure   Level  Hunger
a - Corona                Hex            ###....      3%          1    None
b - Ensorcelled Hibernat  Hex/Ice        ##....       12%         2    ##.....
c - Confuse               Hex            ###.....     12%         3    ###....
d - Tukima's Dance        Hex            ###.....     12%         3    ###....


Dungeon Overview and Level Annotations

Branches:
Dungeon (7/15)
 Temple: D:4-7

Altars:
Ashenzari
Gozag
Makhleb
Okawaru
Qazlal
Xom
Zin

Shops:
D:7 ?

Annotations:
D:4 Anothat's ghost, novice MfSk
D:7 Joseph


Innate Abilities, Weirdness & Mutations

You are tiny and cannot use many weapons and most armour.
You have supernaturally acute eyesight.
You are a herbivore.
You cover ground extremely quickly.
You need consume almost no food.
You have large cloven feet.


Message History

Joseph is lightly wounded.
You hit Joseph.
Joseph is lightly wounded.
You closely miss Joseph.
Joseph is lightly wounded.
Joseph hits you with an uncursed quarterstaff!
* * * LOW HITPOINT WARNING * * *
You feel a strong urge to attack something.
Joseph unwields an uncursed quarterstaff.
Joseph wields an uncursed hunting sling of flaming.
It bursts into flame!
Joseph shoots a sling bullet.
The sling bullet completely misses you.
You feel your anger subside.
You are no longer berserk.
You are exhausted.
You feel yourself slow down.
You are feeling very hungry.
Joseph shoots a sling bullet.
The sling bullet closely misses you.
Joseph shoots a sling bullet.
The sling bullet hits you!
You die...

....#.###...##########'####......
.>..........'.............#......
#.....###...####..........#......
....#.# #...# #..........#......
...######...# #..........#......
............# #.#.....##########
..######..".# #.#.....#
..##...#.#### #.#....∩#
.....#.#.# #@(.....# .#####.#.##
##......# .#<# #.†..# #......#
J#.###....# #......# .#...#..).#
##.###.# .###.#....# #.###(### .#
#......# #...(...#####
.#####....# #####@.##........
[...####'## #.@....##........


You could see Joseph.

Vanquished Creatures
  The ghost of tp1 the Chopper, a novice GrBe of Trog (D:5)
  A hippogriff (D:7)
  A hungry ghost (D:6)
  Menkaure (D:7)
  A phantom (D:6)
  An ogre (D:6)
  A centaur (D:5)
  A scorpion (D:6)
  A crimson imp (D:6)
  A giant frog zombie (D:6)
  A jelly (D:6)
  2 centaur zombies (D:6)
  Crazy Yiuf (D:6)
  2 hounds
  4 worker ants (D:4)
  A centaur skeleton (D:7)
  3 orc wizards
  A hound skeleton (D:6)
  A hound zombie (D:6)
  5 adders
  3 oozes
  2 adder skeletons (D:4)
  9 worms
  3 giant geckos
  12 orcs
  A ball python (D:1)
  4 goblins
  10 hobgoblins
  7 jackals
  3 quokkas
  9 bats
  7 giant cockroaches
  A giant gecko skeleton (D:6)
  2 giant newts (D:3)
  A jackal skeleton (D:5)
  A jackal zombie (D:5)
  11 kobolds
  A quokka skeleton (D:4)
  12 rats
130 creatures vanquished.

Vanquished Creatures (collateral kills)
  An ogre (D:7)
  4 orcs
  A giant cockroach (D:4)
6 creatures vanquished.

Vanquished Creatures (others)
  2 dancing weapons (D:4)
  An orc wizard (D:4)
3 creatures vanquished.

Grand Total: 139 creatures vanquished

Notes
Turn   | Place    | Note
--------------------------------------------------------------
     0 | D:1      | vatarom the Spriggan Enchanter began the quest for the Orb.
     0 | D:1      | Reached XP level 1. HP: 9/9 MP: 5/5
   233 | D:1      | Reached XP level 2. HP: 14/14 MP: 6/6
   469 | D:1      | Reached skill level 1 in Fighting
   554 | D:1      | Learned a level 2 spell: Ensorcelled Hibernation
   935 | D:1      | Reached XP level 3. HP: 16/18 MP: 2/8
   940 | D:1      | Learned a level 3 spell: Confuse
  1322 | D:2      | Gained mutation: You are clumsy. (Dex -2) [potion of mutation]
  1322 | D:2      | Gained mutation: You have large cloven feet. [potion of mutation]
  1322 | D:2      | Lost mutation: You are clumsy. (Dex -2) [potion of mutation]
  1577 | D:2      | Reached XP level 4. HP: 19/23 MP: 6/9
  1741 | D:2      | Found a faded altar to an unknown god.
  2020 | D:2      | Found a glowing silver altar of Zin.
  2320 | D:2      | Found a burning altar of Makhleb.
  2324 | D:2      | Found an opulent altar of Gozag.
  2802 | D:3      | Reached skill level 5 in Stealth
  2898 | D:3      | HP: 1/24 [orc wizard/dagger (3)]
  3589 | D:3      | Reached XP level 5. HP: 24/28 MP: 10/10
  3594 | D:3      | Learned a level 3 spell: Tukima's Dance
  4085 | D:4      | Noticed Anothat's ghost (novice MfSk)
  4452 | D:4      | Reached skill level 6 in Stealth
  4734 | D:4      | Reached XP level 6. HP: 20/33 MP: 11/11
  5149 | D:4      | Found an iron altar of Okawaru.
  5590 | D:5      | Entered Level 5 of the Dungeon
  5592 | D:5      | Noticed tp1's ghost (novice GrBe)
  5611 | D:5      | Killed tp1's ghost
  5611 | D:5      | Reached skill level 5 in Fighting
  5611 | D:5      | Reached skill level 7 in Stealth
  5611 | D:5      | Reached XP level 7. HP: 37/39 MP: 3/12
  5827 | D:5      | Found a shimmering altar of Xom.
  5830 | D:5      | Found a shimmering altar of Xom.
  5830 | D:5      | Found a shimmering altar of Xom.
  5830 | D:5      | Found a shimmering altar of Xom.
  5937 | D:5      | You fall through a shaft!
  6043 | D:6      | Reached skill level 5 in Short Blades
  6330 | D:6      | Reached XP level 8. HP: 43/43 MP: 13/13
  6680 | D:5      | Found a stormy altar of Qazlal.
  6685 | D:5      | Found a shattered altar of Ashenzari.
  6777 | D:5      | Became a worshipper of Ashenzari the Shackled
  6913 | D:5      | Identified a scroll of acquirement
  7090 | D:6      | Noticed Crazy Yiuf
  7096 | D:6      | Killed Crazy Yiuf
  7731 | D:7      | Noticed Menkaure
  7736 | D:7      | Killed Menkaure
  7736 | D:7      | Reached skill level 8 in Short Blades
  7741 | D:7      | Found Tibeehicho's Magic Scroll Shoppe.
  7935 | D:7      | Bought a scroll of teleportation for 48 gold pieces
  8111 | D:7      | Noticed Joseph
  8135 | D:7      | Reached skill level 9 in Short Blades
  8185 | D:7      | Shot with a sling bullet by Joseph

Vault maps used:
D:1:      lemuel_arrival_muddy, roderic_serpentine_path
D:2:      nicolae_overflow_crystal_walls, gammafunk_temple_overflow_pools,
          ecumenical_altar_2, serial_bayou_pond_b
D:3:      grunt_ministairs_9
D:4:      nicolae_overflow_hidden_temple, first_bread, kennysheep_big_empty_room
D:5:      xom_redecorated, minitemple, minmay_temple_entry_statues_fountains
D:6:      uniq_crazy_yiuf_cottage
D:7:      serial_shops, shop, uniq_menkaure, uniq_joseph

Action                   |  1- 3 |  4- 6 |  7- 9 || total
-------------------------+-------+-------+-------++-------
Melee: Dagger            |   103 |   178 |   170 ||   451
 Fire: Blowgun           |       |    53 |     4 ||    57
 Cast: Ensorcelled Hiber |     8 |    16 |     8 ||    32
       Confuse           |     3 |     6 |    15 ||    24
       Tukima's Dance    |       |     6 |     7 ||    13
       Corona            |       |     1 |       ||     1
  Use: Scroll            |     8 |     8 |     5 ||    21
       Potion            |     4 |     3 |     8 ||    15
 Stab: Sleeping          |    15 |    23 |    14 ||    52
       Confused          |     2 |     6 |     9 ||    17
       Distracted        |       |     3 |     1 ||     4
  Eat: Bread ration      |       |     1 |     1 ||     2
       Fruit             |       |     1 |       ||     1
       Pizza             |       |       |     2 ||     2
       Royal jelly       |       |       |     1 ||     1
